Map: Jagannatha LE

Players

Osiris

  • Race: Terran Terran
  • League: Master

lIlIIllIIII - Winner!

  • Race: Protoss Protoss
  • League: Master

VOD

Have the link to the VOD?

Description

Time

  • Played on: May 22, 2021, 7:09 p.m.
  • Length: 7:01
Show
View Real Time Build Order
Export as new Build Order

Osiris Terran 

Build Orders:  

Get SALT Encoding   

  12  0:00  SCV  
  13  0:12  SCV  
  14  0:18  Supply Depot  
  14  0:24  SCV  
  15  0:40  SCV, Barracks  
  16  0:44  Refinery  
  16  0:52  SCV  
  16  0:53  Refinery  
  17  1:04  SCV  
  18  1:16  SCV  
  19  1:28  Reaper  
  19  1:29  Supply Depot  
  19  1:30  Orbital Command  
  20  1:45  Factory  
  20  1:55  SCV  
  21  2:01  Reaper  
  21  2:07  SCV  
  23  2:20  SCV  
  24  2:27  Command Center  
  24  2:30  Hellion  
  26  2:38  Supply Depot  
  26  2:40  Reaper  
  26  2:41  SCV  
  28  2:52  Hellion  
  28  2:54  SCV  
  28  2:57  Starport  
  30  3:15  Barracks Reactor  
  30  3:17  Factory Tech Lab  
  30  3:24  SCV  
  29  3:39  Orbital Command  
  26  3:47  Siege Tank  
  29  3:49  Starport Tech Lab  
  29  3:52  Barracks, Marine x2  
  29  3:53  Barracks  
  31  4:07  SCV  
  30  4:10  Banshee  
  33  4:18  Marine x2  
  33  4:31  Siege Tank  
  35  4:35  Marine  
  35  4:36  Marine  
  37  4:41  Marine x2  
  38  4:49  SCV  
  38  4:52  SCV  
  39  4:53  Marine x2  
  41  5:01  Banshee  
  41  5:06  Supply Depot  
  43  5:11  Marine x2  
  43  5:12  SCV  
  46  5:27  Supply Depot, Marine x2  
  46  5:28  Siege Tank  
  51  5:30  Marine  
  51  5:31  Marine  
  50  5:45  Marine x2  
  51  5:56  Marine  
  51  5:57  Marine  
  50  5:58  Banshee  
  54  6:09  SCV  
  55  6:12  Supply Depot, Siege Tank  
  55  6:13  Marine x2  
  55  6:14  Marine  
  61  6:18  SCV  
  61  6:22  Supply Depot  
  58  6:47  Bunker  
  58  6:48  Bunker  
Show
View Real Time Build Order
Export as new Build Order

lIlIIllIIII Protoss - Winner!

Build Orders: 1 Gate Expand 

Get SALT Encoding   

  12  0:00  Probe  
  13  0:13  Probe  
  14  0:17  Pylon  
  14  0:25  Probe  
  15  0:37  Probe  
  15  0:38  Gateway  
  17  0:50  Probe  
  17  1:08  Nexus  
  17  1:13  Assimilator  
  18  1:24  Cybernetics Core  
  17  1:27  Probe  
  18  1:38  Pylon  
  18  1:39  Probe  
  19  1:51  Probe  
  20  1:55  Warp Gate (Chrono Boost)  
  20  1:56  Gateway  
  20  2:03  Adept (Chrono Boost)  
  20  2:07  Probe  
  23  2:19  Probe  
  23  2:20  Probe  
  25  2:24  Gateway  
  25  2:30  Adept  
  26  2:38  Probe x2  
  28  2:46  Adept  
  28  2:50  Probe x2  
  32  3:02  Probe  
  32  3:04  Probe  
  34  3:14  Probe  
  35  3:23  Probe  
  35  3:26  Probe  
  37  3:30  Adept x3  
  43  3:35  Probe  
  43  3:38  Probe  
  45  3:47  Probe  
  46  3:56  Pylon  
  46  3:57  Assimilator  
  46  4:04  Pylon  
  46  4:09  Pylon  
  46  4:14  Probe x2  
  46  4:15  Pylon  
  48  4:17  Assimilator  
  48  4:26  Probe x2  
  46  4:36  Adept x3  
  46  4:38  Probe x2  
  52  4:51  Probe x2  
  52  4:56  Robotics Facility  
  50  5:12  Adept x3  
  56  5:14  Probe x2  
  56  5:17  Pylon  
  56  5:18  Assimilator  
  56  5:21  Gateway x2  
  58  5:23  Twilight Council  
  58  5:24  Gateway x2  
  58  5:26  Probe x2  
  58  5:42  Immortal (Chrono Boost)  
  58  5:43  Stalker x2  
  58  5:44  Stalker  
  66  5:51  Shield Battery  
  66  5:53  Shield Battery, Pylon  
  66  5:54  Probe x2  
  66  5:55  Pylon  
  64  6:06  Probe  
  64  6:08  Sentry x2  
  69  6:11  Immortal (Chrono Boost)  
  71  6:21  Zealot x4  
  79  6:27  Pylon  
  79  6:29  Pylon  
  79  6:37  Zealot x2  
  83  6:41  Observer (Chrono Boost)  
  82  6:50  Zealot x4  
Tags
 
Add a new tag
Caveats
  • Supply blocks, unpowered buildings, or Contaminate may cause inaccurate times.
  • Supply counts are checked every 10 seconds.